Workbook
Name ADateTransmissionDemande: 'Renseignements Gén.à compléter '!$P$6
Name ADateTransmissionDemande: #REF!
Name AideCapital: #REF!
Name ANumeroConfirmationDemande: 'Renseignements Gén.à compléter '!$L$6
Name ANumeroConfirmationDemande: #REF!
Name Avant200612041: #REF!
Name Avant200612041: #REF!
Name Avant200612042: #REF!
Name Avant200612042: #REF!
Name Capital: #REF!
Name Capital: #REF!
Name Credit17Apres: #REF!
Name Credit17Avant: #REF!
Name Credit35: #REF!
Name Credit37: #REF!
Name DateChevauch1: #REF!
Name DateChevauch1: #REF!
Name DateChevauch2: #REF!
Name DateChevauch2: #REF!
Name Ligne300: #REF!
Name Ligne300: #REF!
Name Ligne305: #REF!
Name Ligne305: #REF!
Name Ligne320: #REF!
Name Ligne320: #REF!
Name Ligne340: #REF!
Name Ligne340: #REF!
Name Ligne345: #REF!
Name Ligne345: #REF!
Name LocationMat: #REF!
Name LocationMat: #REF!
Name MoinAide: #REF!
Name MoinAide: #REF!
Name PlafondApplicable: #REF!
Name PlafondApplicable: #REF!
Name Print_Area: Instructions!$A$1:$Q$134
Name Print_Area: 'Renseignements Gén.à compléter '!$A$1:$Q$146
Name Print_Titles: Instructions!$1:$5
Name Print_Titles: 'Renseignements Gén.à compléter '!$1:$4
Name Proxy: #REF!
Name Proxy: #REF!
Name RAdresse1: 'Renseignements Gén.à compléter '!$B$126
Name RAdresse1: #REF!
Name RAdresse10: 'Renseignements Gén.à compléter '!$B$144
Name RAdresse10: #REF!
Name RAdresse1BP: 'Renseignements Gén.à compléter '!$F$17
Name RAdresse1BP: #REF!
Name RAdresse1IF: 'Renseignements Gén.à compléter '!$E$70
Name RAdresse1IF: #REF!
Name RAdresse1PC: 'Renseignements Gén.à compléter '!$G$27
Name RAdresse1PC: #REF!
Name RAdresse1SC: 'Renseignements Gén.à compléter '!$F$12
Name RAdresse1SC: #REF!
Name RAdresse2: 'Renseignements Gén.à compléter '!$B$128
Name RAdresse2: #REF!
Name RAdresse2BP: 'Renseignements Gén.à compléter '!$F$18
Name RAdresse2BP: #REF!
Name RAdresse2IF: 'Renseignements Gén.à compléter '!$E$71
Name RAdresse2IF: #REF!
Name RAdresse2PC: 'Renseignements Gén.à compléter '!$G$28

Sheet Instructions
F1: Financement des crédits d’impôt remboursables à la RS&DE
Q2: Exercice financier débutant après le 25 mars 2025
A3: DEMANDE DE GARANTIE / PRÊT
A4: Instructions
A6: Veuillez remplir le présent formulaire « Demande de garantie / Prêt », qui comprend les onglets « Renseignements généraux – à compléter », « Année 1 – à compléter » et « Année 2 – à compléter » et le faire parvenir à Investissement Québec. Assurez-vous de répondre à toutes les questions et de fournir les renseignements fiscaux demandés. L’onglet « Détail du calcul » vous permet de voir la façon dont les crédits d’impôt sont calculés à l’aide des renseignements soumis. Il ne nécessite aucune entrée de données. La demande de financement couvre une période maximale de deux ans : deux formulaires ont donc été prévus à cet effet. Dans le cas d'une demande portant sur deux ans, chaque année fera l'objet d'une intervention financière distincte. Les champs à remplir dans chaque onglet du formulaire électronique sont en jaune. Les lignes du formulaire font référence aux lignes de la déclaration de revenus des sociétés (T2 et CO-17). Les zones de calcul laissées en blanc sont automatisées. Ces calculs sont fournis à titre indicatif seulement et n’engagent nullement Investissement Québec. Le montant minimal de l'intervention est de 50 000 $, qu'elle soit sous forme de prêt ou de garantie de prêt. Des bulles d’information sont accessibles lorsque des précisions sont nécessaires. Un triangle rouge dans la cellule indique la présence d’une bulle d’information; il suffit d’en approcher le curseur pour l'afficher.
A23: Vous pouvez consulter le document T4088 – Guide pour le formulaire T661 Demande pour les dépenses de recherche scientifique et développement expérimental (RS&DE) sur le site de l’Agence du revenu du Canada (l’« ARC ») pour vous aider à remplir le formulaire.
A24: Notes : Si vous prévoyez demander un crédit d'impôt relatif à l'économie du savoir ou relatif aux entreprises de la presse d'information écrite dans le cadre de votre projet, vous pouvez également compléter le formulaire « Demande de garantie / Prêt - Financement des crédits d'impôt relatif à l'économie du savoir ou aux entreprises de la presse d'information écrite».
A26: Documents complémentaires à fournir Les documents complémentaires suivants sont nécessaires à l’analyse de votre demande et doivent être acheminés au centre d’affaires d’Investissement Québec de votre région : A) s’il s’agit d’une première demande de crédits d’impôt RS&DE, veuillez obtenir une approbation préalable sur vos projets RSDE. Voir la marche à suivre sur le site de l'Agence du revenus du Canada en suivant ce lien: https://www.canada.ca/fr/agencerevenu/services/recherche-scientifique-developpement-experimental-programme-encouragements-fiscaux/demande-approbation-prealable.html B) le formulaire « Déclarations et consentements » et le Questionnaire ESG obtenus auprès d’Investissement Québec, dûment remplis et signés;
A27: C) une description du contenu scientifique de chaque projet de RS&DE comportant notamment (cette description doit compléter la section 1.5 de l’onglet « Renseignements généraux ») : 1) le titre et les principaux objectifs scientifiques ou technologiques du projet RS&DE; 2) le calendrier de réalisation du projet (principales étapes/activités et niveau d’avancement correspondant); 3) la nature des incertitudes scientifiques ou technologiques que le projet vise à résoudre – incertitudes qui ne pouvaient pas être éliminées par la pratique courante; 4) la contribution à l’avancement technologique réalisée à la suite des travaux (nature du produit ou procédé) et l’impact sur les pratiques industrielles courantes et celles de votre entreprise; 5) une explication du contenu scientifique et technologique du projet pour surmonter les incertitudes scientifiques et technologiques; 6) la liste et les qualifications (titre du poste et compétence ou expérience) des personnes participant au projet RS&DE ainsi que le nom du responsable scientifique ou technique avec une copie de son curriculum vitæ; D) le plan d’affaires ou sommaire exécutif, si disponible, contenant : une présentation de l’entreprise et de son équipe, clientèle visée, stratégies marketing, produits, marchés, concurrence, etc.; E) les derniers états financiers annuels de l'entreprise (sinon le bilan d’ouverture) et les derniers états financiers internes disponibles accompagnés de la liste chronologique (l'âge) des comptes clients et des comptes fournisseurs à pareille date; F) les états prévisionnels des résultats ainsi que les budgets de caisse mensuels pour l’exercice financier en cours et le suivant; G) une copie des aides gouvernementales ou non gouvernementales (subventions) liées au projet, s’il y a lieu; H) une copie complète des trois (3) dernières déclarations de revenus provinciale et fédérale et des avis de cotisation s’y rapportant; I) une confirmation écrite attestant que les sommes dues aux autorités gouvernementales (DAS, TPS, TVQ, impôts, etc.) ont été acquittées; J) une copie de toute correspondance relative au présent projet RS&DE avec l’Agence du revenu du Canada et Revenu Québec; L) tout document pouvant faciliter l’évaluation de la présente demande, s’il y a lieu. Documents complémentaires à fournir – Demande de garantie Dans le cadre d’une demande de garantie, le formulaire « Déclaration du prêteur», obtenu auprès d’Investissement Québec et nécessaire à l’analyse de votre demande, doit être transmis au Prêteur, qui le remplira. Par la suite, ce document doit être acheminé à Investissement Québec.
A60: Centres d'affaires d'Investissement Québec

Sheet Renseignements Gén.à compléter 
Q1: Financement des crédits d’impôt remboursables à la RS&DE
Q2: Exercice financier débutant après le 25 mars 2025
A3: DEMANDE DE GARANTIE / PRÊT
A4: Renseignements généraux
A6: 1.0 | B6: Est-ce que l’entreprise a pris connaissance de l’onglet « Instructions » ? | S6: 0
A8: 1.1 | B8: IDENTIFICATION
B10: Raison sociale de l’entreprise requérante :
B11: NEQ (numéro d’entreprise du Québec) :
B13: Adresse du siège social :
B17: Adresse du bureau principal
B18: (si différente de celle du
B19: siège social) :
B21: Personne avec qui Investissement Québec devra communiquer :
B23: Titre : | K23: Téléphone :
K24: Cellulaire :
K25: Courriel :
B27: Adresse de la personne-ressource | AI27: Oui
B28: (si différente de celle du siège social) : | AI28: Non
B31: Nombre d’employés avant le projet : | M31: après le projet :
A33: 1.2 | B33: RENSEIGNEMENTS SUR L’ENTREPRISE
B35: Numéro de compte ou numéro d’entreprise
B36: auprès de l’Agence du revenu du Canada :
G37: (voir « Déclaration de revenus des sociétés », T2)
B38: Numéro d’identification auprès de
B39: Revenu Québec :
G40: (voir « Déclaration de revenus des sociétés », CO-17)
B42: Date d’incorporation : | M42: Date début des activités :
G43: (aaaa-mm-jj) | N43: (aaaa-mm-jj)
AM44: Oui
B45: L’entreprise est-elle une société privée sous contrôle canadien (SPCC) ou une société publique sous contrôle canadien (SPCA)? | N45: SPCC | S45: 0 | AM45: Non
B46: (au sens de la Loi de l’impôt sur le revenu du Canada et de la Loi sur les impôts du Québec)
B48: L’entreprise est-elle associée (au sens de la Loi de l’impôt sur le revenu du Canada et de la Loi sur les impôts du Québec) à d’autres entreprises? | S48: 0
B49: (le cas échéant, veuillez annexer la liste et l’organigramme à votre demande)
B51: L’entreprise a-t-elle des arrérages à quelque titre que ce soit envers l’Agence | S51: 0
B52: du revenu du Canada ou Revenu Québec?
B54: L’entreprise est-elle présentement assujettie à une entente de paiement mensuel relative à ses obligations
B55: fiscales auprès des gouvernements du Québec ou du Canada ? (DAS, TPS, TVQ ou impôts)
B56: (le cas échéant, veuillez annexer une copie et les détails de l'entente à votre demande)
B58: L’entreprise est-elle redevable à Développement économique Canada (DEC) | S58: 0
B59: ou à d’autres organismes fédéraux?
B61: Existe-t-il un litige ou un avis d’opposition en cours auprès de l’Agence | S61: 0
B62: du revenu du Canada ou de Revenu Québec?
B63: (le cas échéant, veuillez annexer les détails à votre demande)
A66: 1.3 | B66: RENSEIGNEMENTS SUR L’INSTITUTION FINANCIÈRE
B68: Nom du prêteur (raison sociale) :
B70: Adresse (succursale) : | L70: Numéro de transit :
B74: Nom de la personne responsable du compte à l’institution financière :
B76: Téléphone : | K76: Cellulaire:
K77: Courriel :
A78: 1.4 | B78: HISTORIQUE D’ADMISSIBILITÉ DES CRÉDITS D'IMPÔT RS&DE
C80: Commentaires sur l’historique d’encaissement
C82: Inscrire l’exercice financier le plus récent pour lequel une vérification scientifique a eu lieu au cours des cinq dernières années
C83: Exercice financier : | I83: Conclusions : | S83: 0
D84: (aaaa-mm-jj)
C85: Inscrire l’exercice financier le plus récent pour lequel une vérification financière a eu lieu au cours des cinq dernières années
C86: Exercice financier : | I86: Conclusions : | S86: 1
D87: (aaaa-mm-jj)
C88: Historique des trois dernières années
C90: Année | D90: Palier | G90: Montant réclamé | J90: Date de dépôt de la réclamation RS&DE | L90: Montant reçu | O90: Date
D92: Fédéral
D93: Provincial
D94: Fédéral
D95: Provincial
D96: Fédéral
D97: Provincial
A99: 1.5 | B99: PROJET RS&DE
C101: Une description plus détaillée pour chaque projet peut être jointe, si disponible (voir le point C de l'onglet « Instructions »).
C103: Projets | D103: Titre du projet et brève description (maximum de cinq projets) | N103: Date de début | O103: Date de fin réelle ou prévue
C104: 1
C107: 2
C110: 3
C113: 4
C116: 5
A122: 1.6 | B122: ACTIONNARIAT ET DIRECTION
B124: Prénom, nom et adresse | G124: Titre ou fonction dans l’entreprise (si actionnaire mais non à l’emploi de l'entreprise, inscrire s. o.) | K124: Expérience dans l’industrie (nbre d’années) | M124: Lien avec l’entreprise (nbre d’années) | O124: % d’actions avec droit de vote | Q124: CV joint
G126: Préciser
G128: Préciser
G130: Préciser
G132: Préciser
G134: Préciser
G136: Préciser
G138: Préciser
G140: Préciser
G142: Préciser
G144: Préciser
N145: Total : | O145: =IF(SUM(O125:P144)=0,"",SUM(O125:P144))

Sheet Année 1 - à compléter
K1: Financement des crédits d’impôt remboursables à la RS&DE
K2: Exercice financier débutant après le 25 mars 2025
B3: DEMANDE DE GARANTIE / PRÊT
B4: Calculs relatifs aux crédits d’impôt à financer (Année 1)
H7: =IF(J10="","",IF(OR(G10>J10,G10=""),"La date de début doit être inférieure à la date de fin",""))
B8: 2.1 | C8: DATES DE L'EXERCICE FINANCIER | K8: =IF(G10="","",IF(J10-G10+1>365,"Attention, l'exercice financier compte plus de 365 jours",IF(J10-G10+1<365,"Attention, l'exercice financier compte moins de 365 jours","")))
G9: (aaaa-mm-jj) | J9: (aaaa-mm-jj)
F10: Date de début : | I10: Date de fin :
B13: 2.2 | C13: MONTANTS DES CRÉDITS REMBOURSABLES
C14: Veuillez compléter les prochaines sections pour que le calcul des crédits soit effectué.
E16: Crédits d’impôt R-D ou CRIC remboursables au Québec : | I16: ='Détail du calcul'!K146 -> 0
E18: Crédits d’impôt à la RS&DE remboursables au fédéral : | I18: =IFERROR('Détail du calcul'!I87,0) -> 0
D21: *Veuillez prendre note que les définitions ont été simplifiées à des fins de compréhension des utilisateurs et peuvent ainsi ne pas refléter toutes les situations particulières. Le résultat final du calcul des crédits d’impôt RS&DE et CRIC acceptés par l'ARC et RQ pourrait différer de ce montant en raison de situations particulières. Ces calculs sont fournis à titre indicatif seulement et n’engagent nullement Investissement Québec. Investissement Québec pourrait faire des ajustements si nécessaire.
B25: 2.3 | C25: INFORMATIONS POUR CALCUL
D27: À titre informatif, deux sociétés sont généralement associées si elles sont contrôlées directement ou indirectement de quelque manière
D28: que ce soit par la même personne (ou le même groupe de personnes) ou lorsqu’une société contrôle directement ou indirectement de quelque manière que ce soit l’autre société.
D30: Si SPCC:
J31: =IF(OR(I32="",I32=0),"",IF(I32<15000000,"Le montant est inférieur à 15 M$. Svp, laisser le montant à zéro.",""))
D32: MCI - Inscrire le montant du capital imposable utilisé au Canada durant l'exercice précédent
D33: (inclure celui des sociétés associées). Si le montant est inférieur à 15 M$, vous pouvez
D34: laissez à zéro. S'il est supérieur à 75 M$, vous pouvez inscrire 75 M$.
D36: Revenus annuels moyens des trois exercices précédents: Inscrire ce montant | J36: =IF(OR(I36="",I36=0),"",IF(I36>I32,"Le montant est supérieur au MCI. Svp, laisser la case vide.",""))
D37: s'il est moindre que le MCI (inclure celui des sociétés associées).
D41: Revenu imposable de l'année d'imposition précédente (inclus sociétés associées)
D42: Si le MCI est inférieur à 15 M$ et que le total de vos dépenses RSDE est inférieur à 3 M$, vous n'avez pas besoin de compléter la case
D43: (Ligne 360 du formulaire T2 de la déclaration de revenus de l'exercice précédents pour chacune des sociétés associées)
D47: Si SPCA:
D48: Revenus annuels moyens des trois exercices précédents (ou du groupe consolidé s'il y a lieu): | J48: =IF(OR(I48="",I48=0),"",IF(I48<15000000,"Le montant est inférieur à 15 M$. Svp, laisser le montant à zéro.",""))
D49: Inscrire ce montant s'il est supérieur à 15 M$. Sinon, laissez à zéro.
D52: Autres informations
D53: Impôt fédéral à payer
D54: Acomptes provisionnels versés au fédéral
D55: Impôt à payer au Québec
D56: Acomptes provisionnels versés au Québec
B59: 2.4 | C59: COÛT DES PROJETS RS&DE CANADA
C61: Dépenses courantes
D62: Formulaire et ligne de la déclaration de revenus fédérale | E62: Description de la dépenses en lien avec les travaux RSDE | J62: Montants
D63: T661 ligne 300 | E63: Salaires des employés, sauf employés déterminés
D64: T661 ligne 305 | E64: Salaires des employés déterminés (compléter le tableau à la ligne 92) | J64: =+G81 -> 0
D65: T661 lignes 320 et 325 | E65: Coûts des matériaux consommés et transformés
D66: T661 ligne 340 | E66: Contrats (sous-traitants) sans lien de dépendance
D67: T661 ligne 508 | E67: Dépenses qui vous sont transférées d'une société avec lien de dépendance
D68: T661 lignes 350 et 355 | E68: Coûts de location du matériel utilisé après le 15 décembre 2024
D69: T661 ligne 360 | E69: Frais généraux et autres dépenses, inscrire 0 si vous utilisez la méthode de remplacement
D70: T661 ligne 370 | E70: Paiements faits à des tiers
E71: Total des dépenses courantes | J71: =SUM(J63:J70) -> 0
D73: Montants à déduire des dépenses courantes
D74: T661 lignes 513b à 513e | E74: Crédits ou subventions RSDE autres provinces (ne pas inclure le crédit RSDE du Québec)
D75: T661 lignes 515 | E75: Autre type d'aide gouvernementale (autres que les crédits d'impôt)
D76: T661 lignes 517 | E76: Aide non gouvernementale et paiements contractuels
D77: T661 ligne 812 | E77: Bonis et avantages imposables inclus aux salaires RS&DE de la ligne 300 (autres que déterminés)
D79: Calcul du salaires des employés déterminés pour la méthode de remplacement.
D80: Nom des employés déterminés | E80: Salaires de l'exercice | F80: %RSDE | G80: Salaires RSDE | H80: 75% Max pour le montant de remplacement | I80: Maximum de salaires admissibles pour méthode de remplacement | J80: Salaires admissibles pour le calcul du montant de remplacement
D81: Total | G81: =SUM(G82:G86) -> 0 | J81: =SUM(J82:J86) -> 0
G82: =+E82*F82 -> 0 | H82: =IF(F82>75%,E82*0.75,G82) -> 0 | I82: =IFERROR(_xlfn.XLOOKUP(YEAR($J$10),'Montants pour calcul'!$A$25:$A$35,'Montants pour calcul'!$C$25:$C$35),0) -> 0 | J82: =MIN(H82,I82) -> 0
G83: =+E83*F83 -> 0 | H83: =IF(F83>75%,E83*0.75,G83) -> 0 | I83: =IFERROR(_xlfn.XLOOKUP(YEAR($J$10),'Montants pour calcul'!$A$25:$A$35,'Montants pour calcul'!$C$25:$C$35),0) -> 0 | J83: =MIN(H83,I83) -> 0
G84: =+E84*F84 -> 0 | H84: =IF(F84>75%,E84*0.75,G84) -> 0 | I84: =IFERROR(_xlfn.XLOOKUP(YEAR($J$10),'Montants pour calcul'!$A$25:$A$35,'Montants pour calcul'!$C$25:$C$35),0) -> 0 | J84: =MIN(H84,I84) -> 0
G85: =+E85*F85 -> 0 | H85: =IF(F85>75%,E85*0.75,G85) -> 0 | I85: =IFERROR(_xlfn.XLOOKUP(YEAR($J$10),'Montants pour calcul'!$A$25:$A$35,'Montants pour calcul'!$C$25:$C$35),0) -> 0 | J85: =MIN(H85,I85) -> 0
G86: =+E86*F86 -> 0 | H86: =IF(F86>75%,E86*0.75,G86) -> 0 | I86: =IFERROR(_xlfn.XLOOKUP(YEAR($J$10),'Montants pour calcul'!$A$25:$A$35,'Montants pour calcul'!$C$25:$C$35),0) -> 0 | J86: =MIN(H86,I86) -> 0
C88: Dépenses en capital
D89: T661 ligne 390 | E89: Dépenses en capital pour les biens amortissables acquis après le 15 décembre 2024
D90: T661 ligne 504 | E90: Dépenses de matériel à vocations multiples acquis après le 15 décembre 2024
E91: Total des dépenses en capital | J91: =+J89+J90 -> 0
D93: Montants à déduire des dépenses en capital
D94: T661 lignes 514b à 514e | E94: Crédits ou subventions RSDE autres provinces sur les dépenses en capital (sauf le crédit du Québec)
D95: T661 lignes 516 | E95: Autre type d'aide gouvernementale (autres que les crédits d'impôt) sur les dépenses en capital
D96: T661 lignes 518 | E96: Aide non gouvernementale et paiements contractuels sur les dépenses en capital
B99: 2.5 | C99: COÛT DES PROJETS CRIC QUEBEC
C101: Pour les dépenses de salaires, contrats avec lien de dépendance et aides financières sur ces dépenses, veuillez compléter le tableau plus bas.
C102: Il est important de compléter la colonne "NB de jours" pour que le calcul du crédit fonctionne.
D104: Formulaire et ligne de la déclaration de revenus du Québec | E104: Description de la dépenses pour les travaux faits au Québec | I104: Montants R-D | J104: Montants pour précommercialisation
D105: RD-1029.8.CR Ligne 110 | E105: Contrats (sous-traitants) sans lien de dépendance
D106: RD-1029.8.CR Ligne 112 | E106: Contrat avec un organisme de recherche
D107: RD-1029.8.CR Ligne 125 | E107: Dépenses en capital relative à l'acquisition d'un bien
D109: Montants à déduire
D110: RD-1029.8.CR Ligne 114 | E110: Aide, bénéfice ou avantage, ou paiement contractuel relatif aux dépenses de contrats (sous-traitants) sans lien de dépendance et contrat avec un organisme de recherche
D111: RD-1029.8.CR Ligne 126 | E111: Aide, bénéfice ou avantage, ou paiement contractuel relatif aux dépenses en capital pour l'acquisition d'un bien
B114: 2.6 | C114: Détail des salaires pour CRIC
D116: Montant personnel de base pour calcul du seuil | G116: =_xlfn.XLOOKUP(YEAR(G10),'Montants pour calcul'!A6:A16,'Montants pour calcul'!B6:B16,0) -> 0
D118: Employés admissibles (employés de la société et employés du ou des sous-traitants avec lien de dépendance) | E118: Salaires de l'exercice financier | F118: NB de jours d'occupation de l'emploi durant l'exercice financier | G118: NB de jour applicable | H118: Salaires R-D | I118: Aide financière sur salaires R-D | J118: Seuil d'exclusion | K118: Salaires R-D éligibles | L118: Salaires précommercialisation | M118: Aide financière sur salaires précommercialisation | N118: Seuil d'exclusion | O118: Salaires précommercialisation éligibles
D119: TOTAL : | E119: =SUM(E122:E572) -> 0 | F119: =+'Détail du calcul'!I11 -> 0 | H119: =SUM(H122:H572) -> 0 | I119: =SUM(I122:I572) -> 0 | J119: =SUM(J122:J572) -> 0 | K119: =SUM(K122:K572) -> 0 | L119: =SUM(L122:L572) -> 0 | M119: =SUM(M122:M572) -> 0 | N119: =SUM(N122:N572) -> 0 | O119: =SUM(O122:O572) -> 0
G122: 365 | J122: =IF($E122>0,MIN(ROUND((ROUND($G$116*$F122/$G122,0))*H122/$E122,0),MAX(0,H122-I122)),0) -> 0 | K122: =IF($E122>0,H122-I122-J122,0) -> 0 | N122: =IF($E122>0,MIN(ROUND((ROUND($G$116*$F122/$G122,0))*L122/$E122,0),MAX(0,L122-M122)),0) -> 0 | O122: =IF($E122>0,L122-M122-N122,0) -> 0
G123: 365 | J123: =IF($E123>0,MIN(ROUND((ROUND($G$116*$F123/$G123,0))*H123/$E123,0),MAX(0,H123-I123)),0) -> 0 | K123: =IF($E123>0,H123-I123-J123,0) -> 0 | N123: =IF($E123>0,MIN(ROUND((ROUND($G$116*$F123/$G123,0))*L123/$E123,0),MAX(0,L123-M123)),0) -> 0 | O123: =IF($E123>0,L123-M123-N123,0) -> 0
G124: 365 | J124: =IF($E124>0,MIN(ROUND((ROUND($G$116*$F124/$G124,0))*H124/$E124,0),MAX(0,H124-I124)),0) -> 0 | K124: =IF($E124>0,H124-I124-J124,0) -> 0 | N124: =IF($E124>0,MIN(ROUND((ROUND($G$116*$F124/$G124,0))*L124/$E124,0),MAX(0,L124-M124)),0) -> 0 | O124: =IF($E124>0,L124-M124-N124,0) -> 0
G125: 365 | J125: =IF($E125>0,MIN(ROUND((ROUND($G$116*$F125/$G125,0))*H125/$E125,0),MAX(0,H125-I125)),0) -> 0 | K125: =IF($E125>0,H125-I125-J125,0) -> 0 | N125: =IF($E125>0,MIN(ROUND((ROUND($G$116*$F125/$G125,0))*L125/$E125,0),MAX(0,L125-M125)),0) -> 0 | O125: =IF($E125>0,L125-M125-N125,0) -> 0
G126: 365 | J126: =IF($E126>0,MIN(ROUND((ROUND($G$116*$F126/$G126,0))*H126/$E126,0),MAX(0,H126-I126)),0) -> 0 | K126: =IF($E126>0,H126-I126-J126,0) -> 0 | N126: =IF($E126>0,MIN(ROUND((ROUND($G$116*$F126/$G126,0))*L126/$E126,0),MAX(0,L126-M126)),0) -> 0 | O126: =IF($E126>0,L126-M126-N126,0) -> 0
G127: 365 | J127: =IF($E127>0,MIN(ROUND((ROUND($G$116*$F127/$G127,0))*H127/$E127,0),MAX(0,H127-I127)),0) -> 0 | K127: =IF($E127>0,H127-I127-J127,0) -> 0 | N127: =IF($E127>0,MIN(ROUND((ROUND($G$116*$F127/$G127,0))*L127/$E127,0),MAX(0,L127-M127)),0) -> 0 | O127: =IF($E127>0,L127-M127-N127,0) -> 0
G128: 365 | J128: =IF($E128>0,MIN(ROUND((ROUND($G$116*$F128/$G128,0))*H128/$E128,0),MAX(0,H128-I128)),0) -> 0 | K128: =IF($E128>0,H128-I128-J128,0) -> 0 | N128: =IF($E128>0,MIN(ROUND((ROUND($G$116*$F128/$G128,0))*L128/$E128,0),MAX(0,L128-M128)),0) -> 0 | O128: =IF($E128>0,L128-M128-N128,0) -> 0
G129: 365 | J129: =IF($E129>0,MIN(ROUND((ROUND($G$116*$F129/$G129,0))*H129/$E129,0),MAX(0,H129-I129)),0) -> 0 | K129: =IF($E129>0,H129-I129-J129,0) -> 0 | N129: =IF($E129>0,MIN(ROUND((ROUND($G$116*$F129/$G129,0))*L129/$E129,0),MAX(0,L129-M129)),0) -> 0 | O129: =IF($E129>0,L129-M129-N129,0) -> 0
G130: 365 | J130: =IF($E130>0,MIN(ROUND((ROUND($G$116*$F130/$G130,0))*H130/$E130,0),MAX(0,H130-I130)),0) -> 0 | K130: =IF($E130>0,H130-I130-J130,0) -> 0 | N130: =IF($E130>0,MIN(ROUND((ROUND($G$116*$F130/$G130,0))*L130/$E130,0),MAX(0,L130-M130)),0) -> 0 | O130: =IF($E130>0,L130-M130-N130,0) -> 0
G131: 365 | J131: =IF($E131>0,MIN(ROUND((ROUND($G$116*$F131/$G131,0))*H131/$E131,0),MAX(0,H131-I131)),0) -> 0 | K131: =IF($E131>0,H131-I131-J131,0) -> 0 | N131: =IF($E131>0,MIN(ROUND((ROUND($G$116*$F131/$G131,0))*L131/$E131,0),MAX(0,L131-M131)),0) -> 0 | O131: =IF($E131>0,L131-M131-N131,0) -> 0
G132: 365 | J132: =IF($E132>0,MIN(ROUND((ROUND($G$116*$F132/$G132,0))*H132/$E132,0),MAX(0,H132-I132)),0) -> 0 | K132: =IF($E132>0,H132-I132-J132,0) -> 0 | N132: =IF($E132>0,MIN(ROUND((ROUND($G$116*$F132/$G132,0))*L132/$E132,0),MAX(0,L132-M132)),0) -> 0 | O132: =IF($E132>0,L132-M132-N132,0) -> 0
G133: 365 | J133: =IF($E133>0,MIN(ROUND((ROUND($G$116*$F133/$G133,0))*H133/$E133,0),MAX(0,H133-I133)),0) -> 0 | K133: =IF($E133>0,H133-I133-J133,0) -> 0 | N133: =IF($E133>0,MIN(ROUND((ROUND($G$116*$F133/$G133,0))*L133/$E133,0),MAX(0,L133-M133)),0) -> 0 | O133: =IF($E133>0,L133-M133-N133,0) -> 0
... G572: 365 | J572: =IF($E572>0,MIN(ROUND((ROUND($G$116*$F572/$G572,0))*H572/$E572,0),MAX(0,H572-I572)),0) -> 0 | K572: =IF($E572>0,H572-I572-J572,0) -> 0 | N572: =IF($E572>0,MIN(ROUND((ROUND($G$116*$F572/$G572,0))*L572/$E572,0),MAX(0,L572-M572)),0) -> 0 | O572: =IF($E572>0,L572-M572-N572,0) -> 0

Sheet Année 2 - à compléter
K1: Financement des crédits d’impôt remboursables à la RS&DE
K2: Exercice financier débutant après le 25 mars 2025
B3: DEMANDE DE GARANTIE / PRÊT
B4: Calculs relatifs aux crédits d’impôt à financer (Année 1)
G6: =IF(G10<'Année 1 - à compléter'!J10,"Attention, la date de début doit suivre la date de fin de l'exercice précédent","")
H7: =IF(J10="","",IF(OR(G10>J10,G10=""),"La date de début doit être inférieure à la date de fin",""))
B8: 2.1 | C8: DATES DE L'EXERCICE FINANCIER | K8: =IF(G10="","",IF(J10-G10+1>365,"Attention, l'exercice financier compte plus de 365 jours",IF(J10-G10+1<365,"Attention, l'exercice financier compte moins de 365 jours","")))
G9: (aaaa-mm-jj) | J9: (aaaa-mm-jj)
F10: Date de début : | I10: Date de fin :
B13: 2.2 | C13: MONTANTS DES CRÉDITS REMBOURSABLES
C14: Veuillez compléter les prochaines sections pour que le calcul des crédits soit effectué.
E16: Crédits d’impôt R-D ou CRIC remboursables au Québec : | I16: ='Détail du calcul'!O146 -> 0
E18: Crédits d’impôt à la RS&DE remboursables au fédéral : | I18: =IFERROR('Détail du calcul'!K87,0) -> 0
D21: *Veuillez prendre note que les définitions ont été simplifiées à des fins de compréhension des utilisateurs et peuvent ainsi ne pas refléter toutes les situations particulières. Le résultat final du calcul des crédits d’impôt RS&DE et CRIC acceptés par l'ARC et RQ pourrait différer de ce montant en raison de situations particulières. Ces calculs sont fournis à titre indicatif seulement et n’engagent nullement Investissement Québec. Investissement Québec pourrait faire des ajustements si nécessaire.
B25: 2.3 | C25: INFORMATIONS POUR CALCUL
D27: À titre informatif, deux sociétés sont généralement associées si elles sont contrôlées directement ou indirectement de quelque manière
D28: que ce soit par la même personne (ou le même groupe de personnes) ou lorsqu’une société contrôle directement ou indirectement de quelque manière que ce soit l’autre société.
D30: Si SPCC: Choisir le moindre entre: (inscrire un montant seulement dans la case de la méthode choisie)
J31: =IF(OR(I32="",I32=0),"",IF(I32<15000000,"Le montant est inférieur à 15 M$. Svp, laisser le montant à zéro.",""))
D32: MCI - Inscrire le montant du capital imposable utilisé au Canada durant l'exercice précédent
D33: (inclure celui des sociétés associées). Si le montant est inférieur à 15 M$, vous pouvez
D34: laissez à zéro. S'il est supérieur à 75 M$, vous pouvez inscrire 75 M$.
D36: Revenus annuels moyens des trois exercices précédents: Inscrire ce montant | J36: =IF(OR(I36="",I36=0),"",IF(I36>I32,"Le montant est supérieur au MCI. Svp, laisser la case vide.",""))
D37: s'il est moindre que le MCI (inclure celui des sociétés associées).
D41: Revenu imposable de l'année d'imposition précédente (inclus sociétés associées)
D42: Si le MCI est inférieur à 15 M$ et que le total de vos dépenses RSDE est inférieur à 3 M$, vous n'avez pas besoin de compléter la case
D43: (Ligne 360 du formulaire T2 de la déclaration de revenus de l'exercice précédents pour chacune des sociétés associées)
D47: Si SPCA:
D48: Revenus annuels moyens des trois exercices précédents (ou du groupe consolidé s'il y a lieu): | J48: =IF(OR(I48="",I48=0),"",IF(I48<15000000,"Le montant est inférieur à 15 M$. Svp, laisser le montant à zéro.",""))
D49: Inscrire ce montant s'il est supérieur à 15 M$. Sinon, laissez à zéro.
D52: Autres informations
D53: Impôt fédéral à payer
D54: Acomptes provisionnels versés au fédéral
D55: Impôt à payer au Québec
D56: Acomptes provisionnels versés au Québec
B59: 2.4 | C59: COÛT DES PROJETS RS&DE CANADA
C61: Dépenses courantes
D62: Formulaire et ligne de la déclaration de revenus fédérale | E62: Description de la dépenses en lien avec les travaux RSDE | J62: Montants
D63: T661 ligne 300 | E63: Salaires des employés, sauf employés déterminés
D64: T661 ligne 305 | E64: Salaires des employés déterminés (compléter le tableau à la ligne 92) | J64: =+G81 -> 0
D65: T661 lignes 320 et 325 | E65: Coûts des matériaux consommés et transformés
D66: T661 ligne 340 | E66: Contrats (sous-traitants) sans lien de dépendance
D67: T661 ligne 508 | E67: Dépenses qui vous sont transférées d'une société avec lien de dépendance
D68: T661 lignes 350 et 355 | E68: Coûts de location du matériel utilisé après le 15 décembre 2024
D69: T661 ligne 360 | E69: Frais généraux et autres dépenses, inscrire 0 si vous utilisez la méthode de remplacement
D70: T661 ligne 370 | E70: Paiements faits à des tiers
E71: Total des dépenses courantes | J71: =SUM(J63:J70) -> 0
D73: Montants à déduire des dépenses courantes
D74: T661 lignes 513b à 513e | E74: Crédits ou subventions RSDE autres provinces (ne pas inclure le crédit RSDE du Québec)
D75: T661 lignes 515 | E75: Autre type d'aide gouvernementale (autres que les crédits d'impôt)
D76: T661 lignes 517 | E76: Aide non gouvernementale et paiements contractuels
D77: T661 ligne 812 | E77: Bonis et avantages imposables inclus aux salaires RS&DE de la ligne 300 (autres que déterminés)
D79: Calcul du salaires des employés déterminés pour la méthode de remplacement.
D80: Nom des employés déterminés | E80: Salaires de l'exercice | F80: %RSDE | G80: Salaires RSDE | H80: 75% Max pour le montant de remplacement | I80: Maximum de salaires admissibles pour méthode de remplacement | J80: Salaires admissibles pour le calcul du montant de remplacement
D81: Total | G81: =SUM(G82:G86) -> 0 | J81: =SUM(J82:J86) -> 0
G82: =+E82*F82 -> 0 | H82: =IF(F82>75%,E82*0.75,G82) -> 0 | I82: =IFERROR(_xlfn.XLOOKUP(YEAR($J$10),'Montants pour calcul'!$A$25:$A$35,'Montants pour calcul'!$C$25:$C$35),0) -> 0 | J82: =MIN(H82,I82) -> 0
G83: =+E83*F83 -> 0 | H83: =IF(F83>75%,E83*0.75,G83) -> 0 | I83: =IFERROR(_xlfn.XLOOKUP(YEAR($J$10),'Montants pour calcul'!$A$25:$A$35,'Montants pour calcul'!$C$25:$C$35),0) -> 0 | J83: =MIN(H83,I83) -> 0
G84: =+E84*F84 -> 0 | H84: =IF(F84>75%,E84*0.75,G84) -> 0 | I84: =IFERROR(_xlfn.XLOOKUP(YEAR($J$10),'Montants pour calcul'!$A$25:$A$35,'Montants pour calcul'!$C$25:$C$35),0) -> 0 | J84: =MIN(H84,I84) -> 0
G85: =+E85*F85 -> 0 | H85: =IF(F85>75%,E85*0.75,G85) -> 0 | I85: =IFERROR(_xlfn.XLOOKUP(YEAR($J$10),'Montants pour calcul'!$A$25:$A$35,'Montants pour calcul'!$C$25:$C$35),0) -> 0 | J85: =MIN(H85,I85) -> 0
G86: =+E86*F86 -> 0 | H86: =IF(F86>75%,E86*0.75,G86) -> 0 | I86: =IFERROR(_xlfn.XLOOKUP(YEAR($J$10),'Montants pour calcul'!$A$25:$A$35,'Montants pour calcul'!$C$25:$C$35),0) -> 0 | J86: =MIN(H86,I86) -> 0
C88: Dépenses en capital
D89: T661 ligne 390 | E89: Dépenses en capital pour les biens amortissables acquis après le 15 décembre 2024
D90: T661 ligne 504 | E90: Dépenses de matériel à vocations multiples acquis après le 15 décembre 2024
E91: Total des dépenses en capital | J91: =+J89+J90 -> 0
D93: Montants à déduire des dépenses en capital
D94: T661 lignes 514b à 514e | E94: Crédits ou subventions RSDE autres provinces sur les dépenses en capital (sauf le crédit du Québec)
D95: T661 lignes 516 | E95: Autre type d'aide gouvernementale (autres que les crédits d'impôt) sur les dépenses en capital
D96: T661 lignes 518 | E96: Aide non gouvernementale et paiements contractuels sur les dépenses en capital
B99: 2.5 | C99: COÛT DES PROJETS CRIC QUEBEC
C101: Pour les dépenses de salaires, contrats avec lien de dépendance et aides financières sur ces dépenses, veuillez compléter le tableau plus bas.
C102: Il est important de compléter la colonne "NB de jours" pour que le calcul du crédit fonctionne.
D104: Formulaire et ligne de la déclaration de revenus du Québec | E104: Description de la dépenses pour les travaux faits au Québec | I104: Montants R-D | J104: Montants pour précommercialisation
D105: RD-1029.8.CR Ligne 110 | E105: Contrats (sous-traitants) sans lien de dépendance
D106: RD-1029.8.CR Ligne 112 | E106: Contrat avec un organisme de recherche
D107: RD-1029.8.CR Ligne 125 | E107: Dépenses en capital relative à l'acquisition d'un bien
D109: Montants à déduire
D110: RD-1029.8.CR Ligne 114 | E110: Aide, bénéfice ou avantage, ou paiement contractuel relatif aux dépenses de contrats (sous-traitants) sans lien de dépendance et contrat avec un organisme de recherche
D111: RD-1029.8.CR Ligne 126 | E111: Aide, bénéfice ou avantage, ou paiement contractuel relatif aux dépenses en capital pour l'acquisition d'un bien
B114: 2.6 | C114: Détail des salaires pour CRIC
D116: Montant personnel de base pour calcul du seuil | G116: =_xlfn.XLOOKUP(YEAR(G10),'Montants pour calcul'!A6:A16,'Montants pour calcul'!B6:B16,0) -> 0
D118: Employés admissibles (employés de la société et employés du ou des sous-traitants avec lien de dépendance) | E118: Salaires de l'exercice financier | F118: NB de jours d'occupation de l'emploi durant l'exercice financier | G118: NB de jour de l'exercice financier | H118: Salaires R-D | I118: Aide financière sur salaires R-D | J118: Seuil d'exclusion | K118: Salaires R-D éligibles | L118: Salaires précommercialisation | M118: Aide financière sur salaires précommercialisation | N118: Seuil d'exclusion | O118: Salaires précommercialisation éligibles
D119: TOTAL : | E119: =SUM(E122:E572) -> 0 | F119: =+'Détail du calcul'!K11 -> 0 | H119: =SUM(H122:H572) -> 0 | I119: =SUM(I122:I572) -> 0 | J119: =SUM(J122:J572) -> 0 | K119: =SUM(K122:K572) -> 0 | L119: =SUM(L122:L572) -> 0 | M119: =SUM(M122:M572) -> 0 | N119: =SUM(N122:N572) -> 0 | O119: =SUM(O122:O572) -> 0
G122: 365 | J122: =IF($E122>0,MIN(ROUND((ROUND($G$116*$F122/$G122,0))*H122/$E122,0),MAX(0,H122-I122)),0) -> 0 | K122: =IF($E122>0,H122-I122-J122,0) -> 0 | N122: =IF($E122>0,MIN(ROUND((ROUND($G$116*$F122/$G122,0))*L122/$E122,0),MAX(0,L122-M122)),0) -> 0 | O122: =IF($E122>0,L122-M122-N122,0) -> 0
G123: 365 | J123: =IF($E123>0,MIN(ROUND((ROUND($G$116*$F123/$G123,0))*H123/$E123,0),MAX(0,H123-I123)),0) -> 0 | K123: =IF($E123>0,H123-I123-J123,0) -> 0 | N123: =IF($E123>0,MIN(ROUND((ROUND($G$116*$F123/$G123,0))*L123/$E123,0),MAX(0,L123-M123)),0) -> 0 | O123: =IF($E123>0,L123-M123-N123,0) -> 0
G124: 365 | J124: =IF($E124>0,MIN(ROUND((ROUND($G$116*$F124/$G124,0))*H124/$E124,0),MAX(0,H124-I124)),0) -> 0 | K124: =IF($E124>0,H124-I124-J124,0) -> 0 | N124: =IF($E124>0,MIN(ROUND((ROUND($G$116*$F124/$G124,0))*L124/$E124,0),MAX(0,L124-M124)),0) -> 0 | O124: =IF($E124>0,L124-M124-N124,0) -> 0
G125: 365 | J125: =IF($E125>0,MIN(ROUND((ROUND($G$116*$F125/$G125,0))*H125/$E125,0),MAX(0,H125-I125)),0) -> 0 | K125: =IF($E125>0,H125-I125-J125,0) -> 0 | N125: =IF($E125>0,MIN(ROUND((ROUND($G$116*$F125/$G125,0))*L125/$E125,0),MAX(0,L125-M125)),0) -> 0 | O125: =IF($E125>0,L125-M125-N125,0) -> 0
G126: 365 | J126: =IF($E126>0,MIN(ROUND((ROUND($G$116*$F126/$G126,0))*H126/$E126,0),MAX(0,H126-I126)),0) -> 0 | K126: =IF($E126>0,H126-I126-J126,0) -> 0 | N126: =IF($E126>0,MIN(ROUND((ROUND($G$116*$F126/$G126,0))*L126/$E126,0),MAX(0,L126-M126)),0) -> 0 | O126: =IF($E126>0,L126-M126-N126,0) -> 0
G127: 365 | J127: =IF($E127>0,MIN(ROUND((ROUND($G$116*$F127/$G127,0))*H127/$E127,0),MAX(0,H127-I127)),0) -> 0 | K127: =IF($E127>0,H127-I127-J127,0) -> 0 | N127: =IF($E127>0,MIN(ROUND((ROUND($G$116*$F127/$G127,0))*L127/$E127,0),MAX(0,L127-M127)),0) -> 0 | O127: =IF($E127>0,L127-M127-N127,0) -> 0
G128: 365 | J128: =IF($E128>0,MIN(ROUND((ROUND($G$116*$F128/$G128,0))*H128/$E128,0),MAX(0,H128-I128)),0) -> 0 | K128: =IF($E128>0,H128-I128-J128,0) -> 0 | N128: =IF($E128>0,MIN(ROUND((ROUND($G$116*$F128/$G128,0))*L128/$E128,0),MAX(0,L128-M128)),0) -> 0 | O128: =IF($E128>0,L128-M128-N128,0) -> 0
G129: 365 | J129: =IF($E129>0,MIN(ROUND((ROUND($G$116*$F129/$G129,0))*H129/$E129,0),MAX(0,H129-I129)),0) -> 0 | K129: =IF($E129>0,H129-I129-J129,0) -> 0 | N129: =IF($E129>0,MIN(ROUND((ROUND($G$116*$F129/$G129,0))*L129/$E129,0),MAX(0,L129-M129)),0) -> 0 | O129: =IF($E129>0,L129-M129-N129,0) -> 0
G130: 365 | J130: =IF($E130>0,MIN(ROUND((ROUND($G$116*$F130/$G130,0))*H130/$E130,0),MAX(0,H130-I130)),0) -> 0 | K130: =IF($E130>0,H130-I130-J130,0) -> 0 | N130: =IF($E130>0,MIN(ROUND((ROUND($G$116*$F130/$G130,0))*L130/$E130,0),MAX(0,L130-M130)),0) -> 0 | O130: =IF($E130>0,L130-M130-N130,0) -> 0
G131: 365 | J131: =IF($E131>0,MIN(ROUND((ROUND($G$116*$F131/$G131,0))*H131/$E131,0),MAX(0,H131-I131)),0) -> 0 | K131: =IF($E131>0,H131-I131-J131,0) -> 0 | N131: =IF($E131>0,MIN(ROUND((ROUND($G$116*$F131/$G131,0))*L131/$E131,0),MAX(0,L131-M131)),0) -> 0 | O131: =IF($E131>0,L131-M131-N131,0) -> 0
G132: 365 | J132: =IF($E132>0,MIN(ROUND((ROUND($G$116*$F132/$G132,0))*H132/$E132,0),MAX(0,H132-I132)),0) -> 0 | K132: =IF($E132>0,H132-I132-J132,0) -> 0 | N132: =IF($E132>0,MIN(ROUND((ROUND($G$116*$F132/$G132,0))*L132/$E132,0),MAX(0,L132-M132)),0) -> 0 | O132: =IF($E132>0,L132-M132-N132,0) -> 0
G133: 365 | J133: =IF($E133>0,MIN(ROUND((ROUND($G$116*$F133/$G133,0))*H133/$E133,0),MAX(0,H133-I133)),0) -> 0 | K133: =IF($E133>0,H133-I133-J133,0) -> 0 | N133: =IF($E133>0,MIN(ROUND((ROUND($G$116*$F133/$G133,0))*L133/$E133,0),MAX(0,L133-M133)),0) -> 0 | O133: =IF($E133>0,L133-M133-N133,0) -> 0
... G572: 365 | J572: =IF($E572>0,MIN(ROUND((ROUND($G$116*$F572/$G572,0))*H572/$E572,0),MAX(0,H572-I572)),0) -> 0 | K572: =IF($E572>0,H572-I572-J572,0) -> 0 | N572: =IF($E572>0,MIN(ROUND((ROUND($G$116*$F572/$G572,0))*L572/$E572,0),MAX(0,L572-M572)),0) -> 0 | O572: =IF($E572>0,L572-M572-N572,0) -> 0

Sheet Détail du calcul
M1: Financement des crédits d’impôt remboursables à la RS&DE
M2: Exercice financier débutant après le 25 mars 2025
F5: DEMANDE DE GARANTIE / PRÊT
F6: Calculs relatifs aux crédits d’impôt RS&DE
I8: Année 1 | K8: Année 2
A9: Date d'exercices | G9: Date de début : | I9: =IF('Année 1 - à compléter'!G10="","",'Année 1 - à compléter'!G10) | K9: =IF('Année 2 - à compléter'!G10="","",'Année 2 - à compléter'!G10)
G10: Date de fin : | I10: =IF('Année 1 - à compléter'!J10<>0,'Année 1 - à compléter'!J10,"") | K10: =IF('Année 2 - à compléter'!J10="","",'Année 2 - à compléter'!J10)
G11: Nb de jours: | I11: =IFERROR(MIN(I10-I9+1,365),0) -> 0 | K11: =IFERROR(MIN(K10-K9+1,365),0) -> 0
A13: Calcul des crédits d’impôt à la RS&DE au fédéral à financer
A15: Calcul des dépenses admissibles
A17: Dépenses courantes
B18: ='Année 1 - à compléter'!E63 -> Salaires des employés, sauf employés déterminés | I18: ='Année 1 - à compléter'!J63 -> 0 | K18: ='Année 2 - à compléter'!J63 -> 0
B19: ='Année 1 - à compléter'!E64 -> Salaires des employés déterminés (compléter le tableau à la ligne 92) | I19: ='Année 1 - à compléter'!J64 -> 0 | K19: ='Année 2 - à compléter'!J64 -> 0
B20: ='Année 1 - à compléter'!E65 -> Coûts des matériaux consommés et transformés | I20: ='Année 1 - à compléter'!J65 -> 0 | K20: ='Année 2 - à compléter'!J65 -> 0
B21: ='Année 1 - à compléter'!E66 -> Contrats (sous-traitants) sans lien de dépendance | I21: ='Année 1 - à compléter'!J66 -> 0 | K21: ='Année 2 - à compléter'!J66 -> 0
B22: ='Année 1 - à compléter'!E67 -> Dépenses qui vous sont transférées d'une société avec lien de dépendance | I22: ='Année 1 - à compléter'!J67 -> 0 | K22: ='Année 2 - à compléter'!J67 -> 0
B23: ='Année 1 - à compléter'!E68 -> Coûts de location du matériel utilisé après le 15 décembre 2024 | I23: ='Année 1 - à compléter'!J68 -> 0 | K23: ='Année 2 - à compléter'!J68 -> 0
B24: ='Année 1 - à compléter'!E70 -> Paiements faits à des tiers | I24: ='Année 1 - à compléter'!J70 -> 0 | K24: ='Année 2 - à compléter'!J70 -> 0
B25: Total | I25: =SUM(I18:I24) -> 0 | K25: =SUM(K18:K24) -> 0 | P25: Montant de remplacement | Q25: Année 1 | R25: Année 2
P26: Salaires | Q26: =+I18 -> 0 | R26: =+'Année 2 - à compléter'!J63 -> 0
B27: Plus | P27: Bonis | Q27: =-'Année 1 - à compléter'!J77 -> 0 | R27: =-'Année 2 - à compléter'!J77 -> 0
B28: Calcul du montant de remplacement / frais généraux | I28: =IF('Année 1 - à compléter'!$J$69<>0,'Année 1 - à compléter'!$J$69,('Année 1 - à compléter'!$J$63+'Année 1 - à compléter'!$J$81-'Année 1 - à compléter'!$J$77)*0.55) -> 0 | K28: =IF('Année 2 - à compléter'!$J$69<>0,'Année 2 - à compléter'!$J$69,('Année 2 - à compléter'!$J$63+'Année 2 - à compléter'!$J$81-'Année 2 - à compléter'!$J$77)*0.55) -> 0 | P28: Salaires déterminés | Q28: =+'Année 1 - à compléter'!J81 -> 0 | R28: =+'Année 2 - à compléter'!J81 -> 0
Q29: =SUM(Q26:Q28) -> 0 | R29: =SUM(R26:R28) -> 0
B30: Moins | Q30: 0.55 | R30: 0.55
B31: ='Année 1 - à compléter'!E74 -> Crédits ou subventions RSDE autres provinces (ne pas inclure le crédit RSDE du Québec) | I31: =-'Année 1 - à compléter'!J74 -> 0 | K31: =-'Année 2 - à compléter'!J74 -> 0 | Q31: =+Q29*Q30 -> 0 | R31: =+R29*R30 -> 0
B32: ='Année 1 - à compléter'!E75 -> Autre type d'aide gouvernementale (autres que les crédits d'impôt) | I32: =-'Année 1 - à compléter'!J75 -> 0 | K32: =-'Année 2 - à compléter'!J75 -> 0 | P32: Vérif | Q32: =+Q31-I28 -> 0 | R32: =+K28-R31 -> 0
B33: ='Année 1 - à compléter'!E76 -> Aide non gouvernementale et paiements contractuels | I33: =-'Année 1 - à compléter'!J76 -> 0 | K33: =-'Année 2 - à compléter'!J76 -> 0
B34: Crédit R-D du Québec sur les dépenses courantes | I34: =-I138 -> 0 | K34: =-M138 -> 0
B35: 20% des contrats sans lien de dépendance | I35: =-I21*0.2 -> 0 | K35: =-K21*0.2 -> 0
B36: Ajustement | C36: Autres montants à soustraire :
B37: IQ | C37: Autres montants à ajouter :
B38: Total des dépenses courantes admissibles au crédit RSDE | I38: =SUM(I25:I35)-I36+I37 -> 0 | K38: =SUM(K25:K35)-K36+K37 -> 0
A40: Dépenses en capital
B41: ='Année 1 - à compléter'!E89 -> Dépenses en capital pour les biens amortissables acquis après le 15 décembre 2024 | I41: ='Année 1 - à compléter'!J89 -> 0 | K41: ='Année 2 - à compléter'!J89 -> 0
B42: ='Année 1 - à compléter'!E90 -> Dépenses de matériel à vocations multiples acquis après le 15 décembre 2024 | I42: ='Année 1 - à compléter'!J90 -> 0 | K42: ='Année 2 - à compléter'!J90 -> 0
B43: Total | I43: =+I41+I42 -> 0 | K43: =+K41+K42 -> 0
B45: Moins
B46: ='Année 1 - à compléter'!E94 -> Crédits ou subventions RSDE autres provinces sur les dépenses en capital (sauf le crédit du Québec) | I46: =-'Année 1 - à compléter'!J94 -> 0 | K46: =-'Année 2 - à compléter'!J94 -> 0
B47: ='Année 1 - à compléter'!E95 -> Autre type d'aide gouvernementale (autres que les crédits d'impôt) sur les dépenses en capital | I47: =-'Année 1 - à compléter'!J95 -> 0 | K47: =-'Année 2 - à compléter'!J95 -> 0
B48: ='Année 1 - à compléter'!E96 -> Aide non gouvernementale et paiements contractuels sur les dépenses en capital | I48: =-'Année 1 - à compléter'!J96 -> 0 | K48: =-'Année 2 - à compléter'!J96 -> 0
B49: Crédit R-D du Québec sur les dépenses en capital | I49: =-I139 -> 0 | K49: =-M139 -> 0 | P49: Â titre indicatif
B50: Total des dépenses en capital admissibles au crédit RSDE | I50: =SUM(I43:I49) -> 0 | K50: =SUM(K43:K49) -> 0 | P50: La limite de dépenses maximales au taux majoré est de 6M$
P52: Les seuils d’élimination progressive sont de 15M$ à 75M$
A53: Calcul de la limite des dépenses donnant droit aux crédits d’impôt à la RS&DE bonifiés | P53: MCA ou moyenne de revenus | Q53: Limite de dépenses
P54: 15000000 | Q54: 6000000
B55: Limite de dépenses maximum: | I55: =6000000 -> 6000000 | K55: 6000000 | P55: 25000000 | Q55: 4999980
B56: Montant à utiliser pour le calcul de la limite de dépenses | I56: =IF('Renseignements Gén.à compléter '!$N$45="",75000000,IF('Renseignements Gén.à compléter '!$N$45="SPCC",IF('Année 1 - à compléter'!$I$36=0,'Année 1 - à compléter'!$I$32,'Année 1 - à compléter'!$I$36),'Année 1 - à compléter'!$I$48)) -> 0 | K56: =IF('Renseignements Gén.à compléter '!$N$45="",75000000,IF('Renseignements Gén.à compléter '!$N$45="SPCC",IF('Année 2 - à compléter'!$I$36=0,'Année 2 - à compléter'!$I$32,'Année 2 - à compléter'!$I$36),'Année 2 - à compléter'!$I$49)) -> 0 | P56: 35000000 | Q56: 4000020
B57: Limite de dépenses pour fin de calcul du crédit : | I57: =IF(I56-15000000>60000000,0,(6000000*ROUND((60000000-(IF(I56<15000000,0,I56-15000000)))/60000000,5)))*I11/365 -> 0 | K57: =IF(K56-15000000>60000000,0,(6000000*ROUND((60000000-(IF(K56<15000000,0,K56-15000000)))/60000000,5)))/365*K11 -> 0 | P57: 45000000 | Q57: 3000000
P58: 55000000 | Q58: 1999980
A59: Calcul du montant de crédit RSDE remboursable au fédéral | P59: 65000000 | Q59: 1000020
P60: 75000000 | Q60: 0
B61: Montant des dépenses courantes admissibles au taux bonifié de 35% | I61: =MIN(I38,I57) -> 0 | K61: =MIN(K38,K57) -> 0
B62: Montant de crédit RSDE remboursable au taux bonifié | I62: =+I61*0.35 -> 0 | K62: =+K61*0.35 -> 0
B63: Montant des dépenses courantes qui excèdent la limite | I63: =I38-I61 -> 0 | K63: =K38-K61 -> 0
B64: Montant du crédit au taux de 15% non-remboursable | I64: =+I63*0.15 -> 0 | K64: =+K63*0.15 -> 0
P65: 1. | Q65: Une partie du crédit non-remboursable peut être remboursable
B66: Limite de dépenses restantes pour le taux bonifié | I66: =IF(I57-I38<0,0,I57-I38) -> 0 | K66: =IF(K57-K38<0,0,K57-K38) -> 0 | O66: Année 1 | P66: Année 2 | Q66: si les conditions suivantes sont remplies:
O67: =IF('Renseignements Gén.à compléter '!$N$45="SPCC","oui","") -> oui | P67: =IF('Renseignements Gén.à compléter '!$N$45="SPCC","oui","") -> oui | Q67: La société est une SPCC
B68: Montant des dépenses en capital admissibles au taux bonifié de 35% | I68: =MIN(I66,I50) -> 0 | K68: =MIN(K66,K50) -> 0 | O68: =IF(O71<=O72,"oui","non") -> oui | P68: =IF(P71<=P72,"oui","non") -> oui | Q68: Le revenu imposable de l'année d'imposition précédente ne dépasse pas
B69: Montant de crédit RSDE non-remboursable au taux bonifié | I69: =+I68*0.35 -> 0 | K69: =+K68*0.35 -> 0 | Q69: le plafond de revenu admissible (inclus sociétés associées)
B70: Montant des dépenses en capital qui excèdent la limite | I70: =IF(I50-I68<=0,0,I50-I68) -> 0 | K70: =IF(K50-K68<=0,0,K50-K68) -> 0
B71: Montant du crédit non-remboursable au taux de 15% | I71: =+I70*0.15 -> 0 | K71: =+K70*0.15 -> 0 | O71: ='Année 1 - à compléter'!I41 -> 0 | P71: ='Année 2 - à compléter'!I41 -> 0 | Q71: Revenu imposable de l'année d'imposition précédente (inclus sociétés associées)
O72: =500000*((60000000-(IF(O73<=15000000,0,MIN(60000000,O73-15000000))))/60000000) -> 500000 | P72: =500000*((60000000-(IF(P73<=15000000,0,MIN(60000000,P73-15000000))))/60000000) -> 500000 | Q72: Plafond des revenus admissibles
B73: Total du crédit remboursable | I73: =+I62 -> 0 | K73: =+K62 -> 0 | O73: =+'Année 1 - à compléter'!I32 -> 0 | P73: =+'Année 2 - à compléter'!I32 -> 0 | Q73: MCI
B74: Total crédit non-remboursable | I74: =+I64+I69+I71 -> 0 | K74: =+K64+K69+K71 -> 0 | P74: Calcul du plafond des revenus admissibles
B75: Total du crédit RSDE | I75: =+I73+I74 -> 0 | K75: =+K73+K74 -> 0 | P75: 500 000$ x ((60 000 000$ - A) / 60 000 000$)
P76: A = Soit, zéro si le montant du capital imposable utilisé au Canada pour l'exercice
B77: Crédit déduit de l'impôt de la partie 1 | I77: =-'Année 1 - à compléter'!$I$53 -> 0 | K77: =-'Année 2 - à compléter'!$I$53 -> 0 | P77: précédent est égal ou inférieur à 15 000 000$ (société + sociétés associées)
P78: Soit, 60 000 000$ ou, s'il est moins élevé, l'excédent du montant de capital imposable sur 15 000 000$
B79: Solde du crédit avant remboursement | I79: =+I75+I77 -> 0 | K79: =+K75+K77 -> 0 | Q79: MCI | R79: Plafond
B80: Minimum de RSDE remboursable au taux bonifié et solde du crédit avant remboursement | I80: =MIN(I62,I79) -> 0 | K80: =MIN(K62,K79) -> 0 | Q80: 15000000 | R80: =500000*((60000000-(IF(Q80<=15000000,0,MIN(60000000,Q80-15000000))))/60000000) -> 500000
B81: Montant net | I81: =+I79-I80 -> 0 | K81: =+K79-K80 -> 0 | Q81: 20000000 | R81: =500000*((60000000-(IF(Q81<=15000000,0,MIN(60000000,Q81-15000000))))/60000000) -> 458333.33
B82: 0.4 | C82: 1. | I82: =IF(AND($O$67="oui",$O$68="oui"),I81*0.4,0) -> 0 | K82: =IF(AND($P$67="oui",$P$68="oui"),K81*0.4,0) -> 0 | Q82: 30000000 | R82: =500000*((60000000-(IF(Q82<=15000000,0,MIN(60000000,Q82-15000000))))/60000000) -> 375000
B83: Montant du crédit RSDE remboursable au fédéral | I83: =+I80+I82 -> 0 | K83: =+K80+K82 -> 0 | Q83: 40000000 | R83: =500000*((60000000-(IF(Q83<=15000000,0,MIN(60000000,Q83-15000000))))/60000000) -> 291666.67
Q84: 50000000 | R84: =500000*((60000000-(IF(Q84<=15000000,0,MIN(60000000,Q84-15000000))))/60000000) -> 208333.33
B85: Acomptes provisionnels versés | I85: ='Année 1 - à compléter'!$I$54 -> 0 | K85: ='Année 2 - à compléter'!$I$54 -> 0 | Q85: 60000000 | R85: =500000*((60000000-(IF(Q85<=15000000,0,MIN(60000000,Q85-15000000))))/60000000) -> 125000
Q86: 65000000 | R86: =500000*((60000000-(IF(Q86<=15000000,0,MIN(60000000,Q86-15000000))))/60000000) -> 83333.333
B87: Montant remboursable | I87: =+I83+I85 -> 0 | K87: =+K83+K85 -> 0 | Q87: 75000000 | R87: =500000*((60000000-(IF(Q87<=15000000,0,MIN(60000000,Q87-15000000))))/60000000) -> 0
A90: Calcul des crédits d’impôt à la R-D et à la précommercialisation (CRIC) au Québec à financer
I92: Année 1 | M92: Année 2
B93: Salaires admissibles
B94: Ligne 59 - Total des salaires admissibles relatifs à des activités de R-D | I94: ='Année 1 - à compléter'!$H$119-'Année 1 - à compléter'!$I$119 -> 0 | M94: ='Année 2 - à compléter'!$H$119-'Année 2 - à compléter'!$I$119 -> 0
B95: Ligne 60 - Total des salaires admissibles relatifs à des activités de précommercialisation | I95: ='Année 1 - à compléter'!$L$119-'Année 1 - à compléter'!$M$119 -> 0 | M95: ='Année 2 - à compléter'!$L$119-'Année 2 - à compléter'!$M$119 -> 0
B96: Total | I96: =+I94+I95 -> 0 | M96: =+M94+M95 -> 0
B98: Montants déterminés (seuil d'exclusion)
B99: Ligne 79 - Total des montants déterminés relatifs à des activités de R-D | I99: ='Année 1 - à compléter'!$J$119 -> 0 | M99: ='Année 2 - à compléter'!$J$119 -> 0
B100: Ligne 80 - Total des montants déterminés relatifs à des activités de précommercialisation | I100: ='Année 1 - à compléter'!$N$119 -> 0 | M100: ='Année 2 - à compléter'!$N$119 -> 0
B101: Total | I101: =+I99+I100 -> 0 | M101: =+M99+M100 -> 0
B103: Dépenses relatives à des activités de R-D et de précommercialisation avant l’application du seuil d’exclusion
I104: R-D | K104: Précommercialisation | M104: R-D | O104: Précommercialisation
B105: Ligne 104 - Salaires admissibles | I105: =I94 -> 0 | K105: =I95 -> 0 | M105: =M94 -> 0 | O105: =M95 -> 0
B107: Ligne 110 - Sous-traitants sans lien de dépendance | I107: ='Année 1 - à compléter'!$I$105 -> 0 | K107: ='Année 1 - à compléter'!$J$105 -> 0 | M107: ='Année 2 - à compléter'!$I$105 -> 0 | O107: ='Année 2 - à compléter'!$J$105 -> 0
B108: Ligne 112 - Contrat de recherche | I108: ='Année 1 - à compléter'!$I$106 -> 0 | K108: ='Année 1 - à compléter'!$J$106 -> 0 | M108: ='Année 2 - à compléter'!$I$106 -> 0 | O108: ='Année 2 - à compléter'!$J$106 -> 0
B109: Ligne 114 - Aide ou paiement contractuel | I109: =-'Année 1 - à compléter'!$I$110 -> 0 | K109: =-'Année 1 - à compléter'!$J$110 -> 0 | M109: =-'Année 2 - à compléter'!$I$110 -> 0 | O109: =-'Année 2 - à compléter'!$J$110 -> 0
B110: Total | I110: =SUM(I107:I109) -> 0 | K110: =SUM(K107:K109) -> 0 | M110: =SUM(M107:M109) -> 0 | O110: =SUM(O107:O109) -> 0
I111: 0.5 | K111: 0.5 | M111: 0.5 | O111: 0.5
B112: Ligne 121 - Total sous-traitant et contrat de recherche admissible | I112: =+I110*I111 -> 0 | K112: =+K110*K111 -> 0 | M112: =+M110*M111 -> 0 | O112: =+O110*O111 -> 0
B114: Ligne 125 - Dépenses en capital | I114: ='Année 1 - à compléter'!$I$107 -> 0 | K114: ='Année 1 - à compléter'!$J$107 -> 0 | M114: ='Année 2 - à compléter'!$I$107 -> 0 | O114: ='Année 2 - à compléter'!$J$107 -> 0
B115: Ligne 126 - Aide ou paiement contractuel relatifs au montant de la ligne 125 | I115: =-'Année 1 - à compléter'!$I$111 -> 0 | K115: =-'Année 1 - à compléter'!$J$111 -> 0 | M115: =-'Année 2 - à compléter'!$I$111 -> 0 | O115: =-'Année 2 - à compléter'!$J$111 -> 0
B116: Ligne 131 - Total dépenses en capital admissibles | I116: =SUM(I114:I115) -> 0 | K116: =SUM(K114:K115) -> 0 | M116: =SUM(M114:M115) -> 0 | O116: =SUM(O114:O115) -> 0
...

Sheet Montants pour calcul
A4: Montants personnel de base pour l'impôt des particulier au Québec .
A5: Choisir celui qui est en vigueur lorsque l'année d'imposition débute
A6: 2025 | B6: 18571
A7: 2026 | B7: 18952
A8: 2027 | B8: =+B7*1.03 -> 19520.56 | C8: Projection avec augmentation de 3% par année
A9: 2028 | B9: =+B8*1.03 -> 20106.177
A10: 2029 | B10: =+B9*1.03 -> 20709.362
A11: 2030 | B11: =+B10*1.03 -> 21330.643
A12: 2031 | B12: =+B11*1.03 -> 21970.562
A13: 2032 | B13: =+B12*1.03 -> 22629.679
A14: 2033 | B14: =+B13*1.03 -> 23308.569
A15: 2034 | B15: =+B14*1.03 -> 24007.827
A16: 2035 | B16: =+B15*1.03 -> 24728.061
A19: Montant maximum des gains donnant droit à la pension au fédéral
A20: (Article 18 du Régime de pension du Canada)
A21: Prendre le montant qui correspond à l'année civile au cours de laquelle l'année d'imposition prend fin.
A22: Taux de cotisations au RPC, les maximums et les exemptions – Calculer les retenues sur la paie et les cotisations - Canada.ca
A23: (Plafond des gains annuels ouvrant droit à pension)
B24: Montant maximum pour gains de pension | C24: Montant maximum pour méthode remplacement employés déterminés
A25: 2025 | B25: 71300 | C25: =+B25*2.5 -> 178250
A26: 2026 | B26: 74600 | C26: =+B26*2.5 -> 186500
A27: 2027 | B27: =+B26*1.045 -> 77957 | C27: =+B27*2.5 -> 194892.5 | D27: Projection avec augmentation de 4,5% par année
A28: 2028 | B28: =+B27*1.045 -> 81465.065 | C28: =+B28*2.5 -> 203662.66
A29: 2029 | B29: =+B28*1.045 -> 85130.993 | C29: =+B29*2.5 -> 212827.48
A30: 2030 | B30: =+B29*1.045 -> 88961.888 | C30: =+B30*2.5 -> 222404.72
A31: 2031 | B31: =+B30*1.045 -> 92965.173 | C31: =+B31*2.5 -> 232412.93
A32: 2032 | B32: =+B31*1.045 -> 97148.605 | C32: =+B32*2.5 -> 242871.51
A33: 2033 | B33: =+B32*1.045 -> 101520.29 | C33: =+B33*2.5 -> 253800.73
A34: 2034 | B34: =+B33*1.045 -> 106088.71 | C34: =+B34*2.5 -> 265221.76
A35: 2035 | B35: =+B34*1.045 -> 110862.7 | C35: =+B35*2.5 -> 277156.74

Sheet Données
A3: oui
A4: non
A7: Président
A8: Vice-président Finance
A9: Vice-président R&D
A10: Contrôleur
A11: Actionnaire
A12: Autres (Précisez)
A15: SPCC
A16: SPCA
